 Dungeon Crawl Stone Soup version 0.29.1-13-g9f3cf754e1 (webtiles) character file.

Game seed: 6668801151164768841

1121 cdecastro the Cleaver (level 8, -6/64 HPs)
             Began as a Hill Orc Fighter on Feb 7, 2023.
             Was a Believer of Okawaru.
             Mangled by a killer bee (7 damage)
             ... on level 6 of the Dungeon.
             The game lasted 00:06:15 (4136 turns).

cdecastro the Cleaver (Hill Orc Fighter)            Turns: 4136, Time: 00:06:17

Health: -6/64      AC:  6    Str: 21    XL:     8   Next: 34%
Magic:  8/8        EV:  9    Int: 13    God:    Okawaru [**....]
Gold:   192        SH:  0    Dex: 10    Spells: 7/7 levels left

rFire   . . .      SeeInvis .   r - +8 war axe "Pourr" {vorpal, Int+5}
rCold   . . .      Faith    .   (no shield)
rNeg    . . .      Spirit   .   b - +0 scale mail
rPois   .          Reflect  .   (no helmet)
rElec   .          Harm     .   (no cloak)
rCorr   +          Rampage  .   (no gloves)
Will    .....                   (no boots)
Stlth   ..........              p - amulet of magic regeneration
HPRegen 0.20/turn               l - ring of flight
MPRegen 0.51/turn               u - ring of resist corrosion

@: mighty, lethally poisoned (-6 -> -14), attractive, flying
A: no striking features
a: Renounce Religion, Heroism


You were on level 6 of the Dungeon.
You worshipped Okawaru.
Okawaru was pleased with you.
You visited 2 branches of the dungeon, and saw 7 of its levels.

You collected 192 gold pieces.

Inventory:

Hand Weapons
 o - a +0 trident of venom
 r - the +8 war axe "Pourr" (weapon) {vorpal, Int+5}
   (You found it on level 4 of the Dungeon)

   It inflicts extra damage upon your enemies.
   Int:       It affects your intelligence (+5).
Missiles
 f - 10 poisoned darts (quivered)
Armour
 b - a +0 scale mail (worn)
 c - a +0 buckler
Magical Staves
 C - a staff of death
Jewellery
 l - a ring of flight (left hand)
 p - an amulet of magic regeneration (around neck)
 u - a ring of resist corrosion (right hand)
 z - a ring of positive energy
Wands
 q - a wand of paralysis (7)
Scrolls
 a - 3 scrolls of enchant armour {unknown}
 e - a scroll of noise {unknown}
 g - 4 scrolls of fear {unknown}
 j - 2 scrolls of silence {unknown}
 m - a scroll of teleportation {unknown}
 v - a scroll of magic mapping {unknown}
 w - 2 scrolls of identify {unknown}
 y - a scroll of amnesia {unknown}
 B - a scroll of enchant weapon {unknown}
 D - a scroll of blinking {unknown}
Potions
 i - 4 potions of curing {unknown}
 k - a potion of heal wounds {unknown}
 n - 4 potions of flight {unknown}
 s - 3 potions of resistance {unknown}
 t - 2 potions of haste {unknown}
 x - a potion of ambrosia {unknown}
 A - a potion of mutation {unknown}


   Skills:
 - Level 3.6 Fighting
 + Level 12.6 Axes
 - Level 3.2 Armour
 - Level 3.2 Shields


You had 7 spell levels left.
You didn't know any spells.
Your spell library contained the following spells:

 Spells                   Type           Power      Damage    Failure   Level
 Static Discharge         Conj/Air       0%         3-3/arc   77%         2
 Lightning Bolt           Conj/Air       0%         1d11      100%        5
 Maxwell's Capacitive Co  Air            0%         ∞         100%        8


Dungeon Overview and Level Annotations

Branches:
Dungeon (6/15)             Temple (1/1) D:5

Altars:
Cheibriados
Dithmenos
Elyvilon
Fedhas
Gozag
Hepliaklqana
Kikubaaqudgha
Makhleb
Okawaru
Ru
Uskayaw
Vehumet
Xom
Yredelemnul
Zin
The Shining One

Annotations:
D:2 Sigmund


Message History

A hound comes into view.
The killer bee stings you but does no damage.
A killer bee comes into view.
You hear a shout! x2
The killer bee attacks as you move away!
The killer bee closely misses you.
You feel sick.
Unknown command.
The killer bee attacks as you move away!
The killer bee stings you but does no damage.
You feel sick.
The killer bee buzzes angrily.
The killer bee stings you.
* * * LOW HITPOINT WARNING * * *
Unknown command.
The killer bee attacks as you move away!
The killer bee stings you.
* * * LOW HITPOINT WARNING * * *
The killer bee attacks as you move away!
The killer bee closely misses you.
You feel sick.
You are no longer poisoned.
The killer bee stings you!
* * * LOW HITPOINT WARNING * * *
You are poisoned.
The killer bee poisons you!
You feel very mighty all of a sudden.
You feel sick. The killer bee stings you.
* * * LOW HITPOINT WARNING * * *
You are lethally poisoned!
The killer bee poisons you!
An orc comes into view. It is wielding a +0 dagger.
The killer bee barely misses you.
Okay, then.
It was a potion of attraction.
You feel attractive to monsters.
* * * LOW HITPOINT WARNING * * *
You feel very sick. The killer bee stings you.
* * * LOW HITPOINT WARNING * * *
The killer bee stings you!
You die...

#### #### ###...
...## ##...#####
... #.?$.?...##
#.####hy).......
#.>.@yyy.~o..$#
###.#######.####
#.......# ..
#.......# ##
#######.......#
..............#
#######.#.......#
#.#######.#
#.#....<#.#


You could see a hound, 4 killer bees and an orc.

Vanquished Creatures
  Grinder (D:5)
  An ice beast (D:5)
  A sky beast (D:6)
  A black bear (D:5)
  An ogre (D:5)
  A necrophage (D:4)
  A howler monkey (D:5)
  A hound (D:4)
  A jelly (D:5)
  5 orc priests (D:5)
  Jessica (D:2)
  Ijyb (D:3)
  2 orc wizards (D:5)
  2 gnolls (D:4)
  8 adders
  An ufetubus (D:5)
  A worm (D:3)
  A dart slug (D:4)
  8 orcs
  3 bats
  6 endoplasms
  4 giant cockroaches
  2 goblins
  9 hobgoblins
  5 jackals
  A quokka (D:3)
  4 ball pythons
  7 kobolds
80 creatures vanquished.

Notes
Turn   | Place    | Note
-------+----------+-------------------------------------------
     0 | D:1      | cdecastro the Hill Orc Fighter began the quest for the Orb.
     0 | D:1      | Reached XP level 1. HP: 19/19 MP: 1/1
    83 | D:1      | Reached skill level 3 in Axes
   175 | D:1      | Reached XP level 2. HP: 26/26 MP: 2/2
   476 | D:1      | Reached skill level 4 in Axes
   880 | D:2      | Noticed Sigmund
   889 | D:2      | Noticed Jessica
   894 | D:2      | Killed Jessica
   895 | D:2      | Reached skill level 5 in Axes
   895 | D:2      | Reached XP level 3. HP: 21/31 MP: 3/3
  1010 | D:2      | Reached XP level 4. HP: 24/39 MP: 4/4
  1017 | D:2      | Reached skill level 6 in Axes
  1519 | D:3      | Found a blossoming altar of Fedhas.
  1709 | D:3      | Reached XP level 5. HP: 44/45 MP: 5/5
  1780 | D:3      | Noticed Ijyb
  1784 | D:3      | Paralysed by Ijyb for 4 turns
  1791 | D:3      | Paralysed by Ijyb for 5 turns
  1799 | D:3      | Killed Ijyb
  1800 | D:3      | Reached skill level 7 in Axes
  1925 | D:3      | Identified the amulet "Kivock" {Spirit Harm *Slow +Inv
                  | rN++}
  2184 | D:4      | Identified the +8 war axe "Pourr" {vorpal, Int+5}
  2305 | D:4      | Reached skill level 8 in Axes
  2305 | D:4      | Reached XP level 6. HP: 51/51 MP: 6/6
  2522 | D:4      | Found an iron altar of Okawaru.
  2530 | D:4      | Became a worshipper of Warmaster Okawaru
  2574 | D:5      | Entered Level 5 of the Dungeon
  2696 | D:5      | Reached skill level 9 in Axes
  2782 | D:5      | Reached XP level 7. HP: 50/57 MP: 7/7
  2832 | D:5      | Reached skill level 10 in Axes
  2940 | D:5      | Found a glowing golden altar of the Shining One.
  2963 | D:5      | Reached * piety under Okawaru
  3193 | D:5      | Reached skill level 11 in Axes
  3484 | D:5      | Noticed Grinder
  3489 | D:5      | Killed Grinder
  3489 | D:5      | Reached ** piety under Okawaru
  3490 | D:5      | Reached skill level 12 in Axes
  3490 | D:5      | Reached XP level 8. HP: 64/64 MP: 8/8
  3497 | D:5      | Found a staircase to the Ecumenical Temple.
  3508 | Temple   | Entered the Ecumenical Temple
  3785 | D:5      | Found an opulent altar of Gozag.
  3823 | D:5      | Found a basalt altar of Yredelemnul.
  3898 | D:5      | Noticed a shadow
  3899 | D:5      | Found a shadowy altar of Dithmenos.
  3900 | D:5      | Found a hazy altar of Hepliaklqana.
  4033 | D:4      | Found a hide-covered altar of Uskayaw.
  4136 | D:6      | HP: 1/64 [killer bee (5)]
  4136 | D:6      | Mangled by a killer bee

Illustrated notes

Levels and vault maps discovered:
D:1:      lemuel_arrival_behind_the_door_small, layout_loops_ring
D:2:      layout_basic, uniq_jessica, uniq_sigmund
D:3:      layout_rooms, mainiacjoe_overflow_small_starburst, uniq_ijyb
D:4:      layout_basic, okawaru_altar_gauntlet_db,
          nicolae_overflow_hidden_temple
D:5:      layout_loops_ring, riverfiend_overflow_shadow_ancestor,
          nicolae_overflow_crystal_walls, mainiacjoe_overflow_two_lobes,
          minmay_temple_entry_proselytizer, uniq_grinder
D:6:      layout_basic, lemuel_doored_altar, nzn_wu_jian_contemplation,
          minmay_joined_circles, uniq_pikel
Temple:   nicolae_temple_godpark

Skill      XL: |  1  2  3  4  5  6  7 |
---------------+----------------------+-----
Axes           | 3 5 6 8 9 12 | 12.6
Fighting       | |  3.6
Armour         | |  3.2
Shields        | |  3.2

Action                   |  1- 3 |  4- 6 |  7- 9 || total
-------------------------+-------+-------+-------++-------
Melee: War axe           |    48 |   103 |    42 ||   193
       Punch             |       |     1 |       ||     1
Evoke: Wand              |       |       |     2 ||     2
  Use: Potion            |       |       |     2 ||     2
 Stab: Paralysed         |       |       |     2 ||     2
Armor: Scale mail        |    29 |    45 |    16 ||    90
Dodge: Dodged            |    22 |    63 |    17 ||   102
